 Dungeon Crawl Stone Soup version 0.18-a0-1147-g8e8348b (webtiles) character file.

186 Leszczynek the Sneak (level 5, 0/34 HPs)
             Began as an Octopode Wanderer on Jan 22, 2016.
             Slain by an iguana (6 damage)
             ... on level 3 of the Dungeon.
             The game lasted 00:13:19 (3294 turns).

Leszczynek the Sneak (Octopode Wanderer)            Turns: 3294, Time: 00:13:19

Health: 0/34       AC:  1    Str: 12    XL:     5   Next: 65%
Magic:  5/5        EV:  9    Int: 14    God:
Gold:   185        SH:  7    Dex: 12    Spells: 0 memorised, 4 levels left

rFire  . . .     SeeInvis .     a - +0 flail
rCold  . . .     Gourm    .     q - +0 shield
rNeg   . . .     Faith    .     (helmet restricted)
rPois  .         Spirit   .     (no amulet)
rElec  .         Dismiss  .     (no ring)
rCorr  .         Reflect  .     (no ring)
SustAt .         Harm     .     (no ring)
MR     .....                    (no ring)
Stlth  ++++......               (no ring)
                                (no ring)
                                (no ring)
                                (no ring)

@: not resistant to hostile enchantments, stealthy
A: almost no armour, amphibious, 8 rings, constrict 8, camouflage 1, gelatinous
body 1
a: no special abilities


You were on level 3 of the Dungeon.
You were not hungry.

You visited 1 branch of the dungeon, and saw 4 of its levels.

You collected 185 gold pieces.

Inventory:

Hand Weapons
 a - a +0 flail (weapon)
 b - a +3 blowgun
Missiles
 c - 2 curare-tipped needles
 i - 60 stones (quivered)
Armour
 q - a +0 shield (worn)
Scrolls
 g - 2 scrolls of magic mapping
 k - a scroll of blinking
 m - a scroll of teleportation
 o - a scroll of identify
Potions
 d - a potion of flight {unknown}
 e - a potion of brilliance
 h - a potion of ambrosia {unknown}
 n - 2 potions of heal wounds {unknown}
 t - a potion of might {unknown}
Comestibles
 f - 2 bread rations
 j - 3 meat rations
 l - a chunk of flesh


   Skills:
 - Level 2.0 Fighting
   Level 2.0(2.8) Axes
 * Level 3.0(3.3) Maces & Flails
 - Level 1.0 Throwing
 - Level 1.0 Dodging
 - Level 3.9 Stealth
 + Level 2.0 Shields
   Level 3.0 Summonings
   Level 2.0 Fire Magic


You had 4 spell levels left.
You didn't know any spells.

Dungeon Overview and Level Annotations

Branches:
Dungeon (4/15)
 Temple: D:4-7

Altars:
Ashenzari
Kikubaaqudgha
Vehumet
Yredelemnul


Innate Abilities, Weirdness & Mutations

You cannot wear most types of armour.
You are amphibious.
You can wear up to eight rings at the same time.
You can use your tentacles to constrict eight enemies at once.
Your skin changes colour to match your surroundings (Stealth).
Your rubbery body absorbs attacks (AC +1).


Message History

The iguana hisses angrily.
You continue eating.
You can't go down here!
You hit the iguana but do no damage. You grab the iguana.
You constrict the iguana, but do no damage.
You block the iguana's attack. x2
You hit the iguana.
You squeeze the iguana, but do no damage.
The iguana is lightly wounded.
You constrict the iguana. The iguana bites you!
You hit the iguana.
You squeeze the iguana, but do no damage.
The iguana is heavily wounded.
You constrict the iguana. The iguana bites you!
You hit the iguana but do no damage.
The iguana is severely wounded.
You constrict the iguana. The iguana bites you!
* * * LOW HITPOINT WARNING * * *
The iguana bites you.
You die...

#..#.###..# #..#####..#
#..#)###..# #..#......#
#.........# #..#.####.#
...#.###.######..#)####.######
...................).........#
########..#####..#.####.######
.........................#
...######.#####.l#.####..########
.#.# #.## #.@#.# #.........# .#.#
#..# #..#.# #...#####.#
.#.#######.####..#.####...#####.#
................................#
.#.#######................#######
.#.#.........##..##.#.###.#
.#.#.#####...##..##...# #.#
.#.#รท# #...##..##.#.###.#######
.<...# #.#.##..##.#.#.........#


You could see an iguana.

Vanquished Creatures
  An orc priest (D:3)
  Jessica (D:2)
  Ijyb (D:2)
  2 adders
  A worm (D:2)
  3 giant geckos
  5 orcs
  3 giant cockroaches
  2 gnoll zombies (D:3)
  6 goblins
  11 hobgoblins
  2 jackals (D:1)
  10 kobolds
  2 quokkas (D:3)
  12 bats
  4 giant newts
  4 rats
70 creatures vanquished.

Notes
Turn   | Place    | Note
--------------------------------------------------------------
     0 | D:1      | Leszczynek the Octopode Wanderer began the quest for the Orb.
     0 | D:1      | Leszczynek set off with: 2 curare-tipped needles, a +2 blowgun, a +0 hand axe, the Disquisition on the Entourage, a bread ration
     0 | D:1      | Reached XP level 1. HP: 13/13 MP: 1/1
    28 | D:1      | Identified the Disquisition on the Entourage
   149 | D:1      | Reached XP level 2. HP: 11/18 MP: 2/2
   653 | D:1      | Reached skill level 1 in Dodging
   691 | D:1      | Reached XP level 3. HP: 20/24 MP: 3/3
  1025 | D:2      | Noticed Ijyb
  1437 | D:2      | Noticed Jessica
  1440 | D:2      | Killed Jessica
  1440 | D:2      | Reached skill level 1 in Maces & Flails
  1440 | D:2      | Reached XP level 4. HP: 29/29 MP: 4/4
  1708 | D:2      | Found a radiant altar of Vehumet.
  1972 | D:2      | Killed Ijyb
  2177 | D:2      | Reached skill level 1 in Shields
  2221 | D:2      | Reached XP level 5. HP: 34/34 MP: 5/5
  2623 | D:3      | Found a basalt altar of Yredelemnul.
  3010 | D:3      | Found a shattered altar of Ashenzari.
  3010 | D:3      | Found an ancient bone altar of Kikubaaqudgha.
  3294 | D:3      | Slain by an iguana

Vault maps used:
D:1:      denvon_arrival_planthouse
D:2:      lemuel_round_altar, uniq_iyjb, uniq_jessica
D:3:      lemuel_zombie_altar_yredelemnul, grunt_temple_overflow_open,
          first_bread, minmay_crystal_room
D:4:      serial_shops, shop, uniq_sigmund, uniq_menkaure, uniq_duvessa,
          uniq_natasha, uniq_blork_the_orc

Action                   |  1- 3 |  4- 6 || total
-------------------------+-------+-------++-------
Melee: Hand axe          |    47 |       ||    47
       Mace              |    21 |    49 ||    70
       Flail             |       |    28 ||    28
Throw: Stone             |     1 |    19 ||    20
  Use: Scroll            |     4 |     4 ||     8
 Stab: Sleeping          |     5 |    12 ||    17
  Eat: Chunk             |     2 |     6 ||     8
